 Dungeon Crawl Stone Soup version 0.28.0-62-gf88900778d (webtiles) character file.

Game seed: 17128376444295592458

3 mopl the Bolt Thrower (level 1, 0/18 HPs)
             Began as a Hill Orc Hunter on Mar 6, 2023.
             Slain by a goblin
             ... wielding a +0 club
              (2 damage)
             ... on level 1 of the Dungeon.
             The game lasted 00:00:21 (53 turns).

mopl the Bolt Thrower (Hill Orc Hunter)               Turns: 53, Time: 00:00:21

Health: 0/18       AC:  3    Str: 14    XL:     1   Next: 50%
Magic:  1/1        EV: 11    Int: 11    God:
Gold:   0          SH:  0    Dex: 11    Spells: 0/0 levels left

rFire   . . .      SeeInvis .   a - +1 hand crossbow
rCold   . . .      Faith    .   (no shield)
rNeg    . . .      Spirit   .   c - +0 leather armour
rPois   .          Reflect  .   (no helmet)
rElec   .          Harm     .   (no cloak)
rCorr   .          Rampage  .   (no gloves)
Will    .....                   (no boots)
Stlth   +.........              (no amulet)
HPRegen 0.06/turn               (no ring)
MPRegen 0.07/turn               (no ring)

@: no status effects
A: no striking features
a: no special abilities


You were on level 1 of the Dungeon.
You visited 1 branch of the dungeon, and saw 1 of its levels.

Inventory:

Hand Weapons
 a - a +1 hand crossbow (weapon)
 b - a +0 short sword
Missiles
 d - 18 bolts (quivered ammo)
Armour
 c - a +0 leather armour (worn)
Scrolls
 e - a scroll of magic mapping {unknown}


   Skills:
 + Level 2.5 Fighting
 * Level 3.6 Crossbows
 + Level 0.2 Armour
 + Level 1.6 Dodging
 - Level 0.7 Stealth


You couldn't memorise any spells.
You didn't know any spells.
Your spell library was empty.

Dungeon Overview and Level Annotations

Branches:
Dungeon (1/15)

Altars:


Message History

The slug dart misses you.
You hit the dart slug.
The dart slug is heavily wounded.
The endoplasm misses you. The dart slug bites you.
You are too injured to fight recklessly!
You are too injured to fight recklessly!
You are too injured to fight recklessly!
You are too injured to fight recklessly!
You are too injured to fight recklessly!
You are too injured to fight recklessly!
You are too injured to fight recklessly!
You are too injured to fight recklessly!
You are too injured to fight recklessly!
You are too injured to fight recklessly!
You are too injured to fight recklessly!
You are too injured to fight recklessly!
You are too injured to fight recklessly!
You are too injured to fight recklessly!
The endoplasm freezes you.
You are frozen.
The goblin barely misses you. The goblin hits you with a +0 club.
* * * LOW HITPOINT WARNING * * *
The endoplasm freezes you.
You are frozen.
* * * LOW HITPOINT WARNING * * *
a - a +1 hand crossbow (weapon)
The goblin closely misses you.
Fire: 20 bolts
Press: ? - help, Q - select action Shift-Dir - straight line, f - goblin
Aim: a goblin, wielding a +0 club (56% to hit)
You shoot a bolt. The bolt barely misses the goblin.
The bolt hits the endoplasm!
You kill the endoplasm!
The goblin hits you but does no damage.
Fire: 19 bolts
Press: ? - help, Q - select action Shift-Dir - straight line, f/p - goblin
Aim: a goblin, wielding a +0 club (56% to hit)
You shoot a bolt. The bolt barely misses the goblin.
The goblin barely misses you. The goblin hits you with a +0 club.
You die...

........ ...#
.......##..#..# ##
............... ..
#......##..#..# .#
#..........#..# .#
#.........##..# .# #
..#.#.#...##..# .##.#
..#.#.#.†.##..###....##.
.........(....wg@.......
#.#...#...##..######.##.
#'#####.......####
......#......w...#
......#..........#
...⌠..#..#..............
......#..#..............
.<....+.................
......#...##?#..#.......


You could see a dart slug and a goblin.

Vanquished Creatures
  An endoplasm (D:1)
  A giant cockroach (D:1)
  A frilled lizard (D:1)
3 creatures vanquished.

Notes
Turn   | Place    | Note
-------+----------+-------------------------------------------
     0 | D:1      | mopl the Hill Orc Hunter began the quest for the Orb.
     0 | D:1      | Reached XP level 1. HP: 18/18 MP: 1/1
    53 | D:1      | Slain by a goblin

Illustrated notes

Levels and vault maps discovered:
D:1:      mushboom_english_gardens, layout_basic,
          hellmonk_ecumenical_altar_watching_god, roderic_serpentine_path,
          roderic_lattice_a

Action                   || total
-------------------------++-------
Melee: Short sword       ||    13
 Fire: Hand crossbow     ||     3
Armor: Leather armour    ||     3
Dodge: Dodged            ||    14
